 Dungeon Crawl Stone Soup version 0.18-a0-1799-g6250cb2 (webtiles) character file.

103 macross the Sneak (level 4, -2/21 HPs)
             Began as a Spriggan Enchanter on Apr 23, 2016.
             Was an Initiate of Dithmenos.
             Slain by a sky beast (6 damage)
             ... on level 2 of the Dungeon.
             The game lasted 00:24:26 (3895 turns).

macross the Sneak (Spriggan Enchanter)              Turns: 3895, Time: 00:24:26

Health: -2/21      AC:  2    Str:  4    XL:     4   Next: 51%
Magic:  5/9        EV: 19    Int: 16    God:    Dithmenos [......]
Gold:   51         SH:  0    Dex: 17    Spells: 3 memorised, 1 level left

rFire  . . .     SeeInvis +     n - +0 dagger (speed)
rCold  . . .     Gourm    .     q - +0 robe (curse)
rNeg   . . .     Faith    .     (shield restricted)
rPois  .         Spirit   .     (helmet restricted)
rElec  .         Dismiss  .     (no cloak)
rCorr  +         Reflect  .     (gloves unavailable)
SustAt .         Harm     +     (boots unavailable)
MR     .....                    l - amulet of harm
Stlth  ++++......               (no ring)
                                s - ring of resist corrosion

@: very slightly contaminated, very quick, not resistant to hostile
enchantments, stealthy
A: unfitting armour, see invisible, herbivore 3, speed 3, slow metabolism 2
a: Renounce Religion


You were on level 2 of the Dungeon.
You worshipped Dithmenos.
Dithmenos was noncommittal.
You were full.

You visited 1 branch of the dungeon, and saw 3 of its levels.

You collected 51 gold pieces.

Inventory:

Hand Weapons
 a - a +1 dagger
 n - a +0 dagger of speed (weapon)
Armour
 b - a +1 robe
 q - a cursed +0 robe (worn)
Jewellery
 l - an amulet of harm (around neck)
 s - a ring of resist corrosion (left hand)
Scrolls
 e - a scroll of blinking {unknown}
 f - a scroll of noise {unknown}
 g - 2 scrolls of identify {unknown}
 h - a scroll of enchant weapon {unknown}
 i - a scroll of random uselessness {unknown}
 p - a scroll of remove curse {unknown}
 r - a scroll of immolation {unknown}
 t - a scroll of recharging {unknown}
Potions
 j - a potion of invisibility {unknown}
 k - 2 potions of degeneration {unknown}
 m - a potion of haste {unknown}
 o - a potion of heal wounds {unknown}
Books
 c - a book of Maledictions

   Spells                             Type                      Level
   a - Corona                         Hexes                        1
   b - Ensorcelled Hibernation        Hexes/Ice                    2
   c - Confuse                        Hexes                        3
   d - Tukima's Dance                 Hexes                        3
   e - Dazzling Spray                 Conjuration/Hexes            3


   Skills:
 + Level 0.7 Fighting
 * Level 2.2 Short Blades
 + Level 4.3 Dodging
 + Level 6.4 Stealth
 + Level 2.7 Spellcasting
 - Level 3.6 Hexes


You had one spell level left.
You knew the following spells:

 Your Spells              Type           Power        Failure   Level  Hunger
a - Corona                Hex            ##.....      6%          1    #......
b - Tukima's Dance        Hex            ##......     14%         3    ###....
c - Dazzling Spray        Conj/Hex       #.......     28%         3    ###....


Dungeon Overview and Level Annotations

Branches:
Dungeon (3/15)

Altars:
Cheibriados
Dithmenos
Xom


Innate Abilities, Weirdness & Mutations

You are tiny and cannot use many weapons and most armour.
You have supernaturally acute eyesight.
You are a herbivore.
You cover ground extremely quickly.
You need consume almost no food.


Message History

You hit the sky beast but do no damage.
The sky beast is severely wounded.
The sky beast misses you.
You barely miss the sky beast.
The sky beast is severely wounded.
You hit the sky beast but do no damage.
The sky beast is severely wounded.
The sky beast hits you but does no damage.
You barely miss the sky beast.
The sky beast is severely wounded.
The sky beast hits you. The sky beast shocks you.
* * * LOW HITPOINT WARNING * * *
You closely miss the sky beast.
The sky beast is severely wounded.
You hit the sky beast but do no damage.
The sky beast is severely wounded.
The sky beast hits you.
* * * LOW HITPOINT WARNING * * *
The sky beast shocks you.
You die...

#.##.# #.#...#..#.#
#.##.# #........#.#
#.##.# ###..........#
#.##.# #..........###
#.##.###..........#
#.##..............#
#................######
####.###≈#.............
#..@Yg........######
#######>###.##########
#.......# #..........#
#.#####.###..#######.#
#.# #......# #.# #.#
######.# #.# #.# #.#
#.# #.# ##.## #.# #.#
####...######.#


You could see a sky beast and a goblin.

Vanquished Creatures
  2 adders (D:2)
  An ooze (D:1)
  A worm (D:2)
  A dart slug (D:2)
  4 giant geckos
  4 giant cockroaches
  6 goblins
  10 hobgoblins
  7 jackals
  2 quokkas
  6 bats
  2 giant newts
  8 kobolds
  9 rats
63 creatures vanquished.

Vanquished Creatures (collateral kills)
  2 orcs (D:3)
2 creatures vanquished.

Vanquished Creatures (others)
  A dancing weapon (D:2)
1 creature vanquished.

Grand Total: 66 creatures vanquished

Notes
Turn   | Place    | Note
--------------------------------------------------------------
     0 | D:1      | macross the Spriggan Enchanter began the quest for the Orb.
     0 | D:1      | Reached XP level 1. HP: 9/9 MP: 5/5
   230 | D:1      | Reached skill level 5 in Stealth
   259 | D:1      | Reached XP level 2. HP: 13/13 MP: 6/6
   757 | D:1      | Reached XP level 3. HP: 14/16 MP: 8/8
   921 | D:2      | Found a snail-covered altar of Cheibriados.
  1211 | D:2      | Reached skill level 6 in Stealth
  1412 | D:2      | Found a shadowy altar of Dithmenos.
  1465 | D:2      | Became a worshipper of Dithmenos the Shadowed
  2099 | D:1      | Learned a level 3 spell: Tukima's Dance
  2103 | D:1      | Learned a level 3 spell: Dazzling Spray
  2248 | D:2      | Reached XP level 4. HP: 15/21 MP: 9/9
  2807 | D:3      | Found a shimmering altar of Xom.
  2807 | D:3      | Found a shimmering altar of Xom.
  2807 | D:3      | Found a shimmering altar of Xom.
  2807 | D:3      | Found a shimmering altar of Xom.
  2808 | D:3      | Found a shimmering altar of Xom.
  3547 | D:2      | Noticed a sky beast
  3895 | D:2      | Slain by a sky beast

Vault maps used:
D:1:      minmay_arrival_loop, minmay_misc_feat_rows, hangedman_decor_points
D:2:      old_standard_altar, kennysheep_slug_shrine
D:3:      xom_redecorated, nemelex_xobeh_ov_fountains_minmay, first_bread

Skill      XL: |  1  2  3  4 |
---------------+-------------+-----
Stealth        | 5 6 |  6.4
Short Blades   | 2 |  2.2
Dodging        | 4 |  4.3
Fighting       | |  0.7
Spellcasting   | |  2.7
Hexes          | |  3.6

Action                   |  1- 3 |  4- 6 || total
-------------------------+-------+-------++-------
Melee: Dagger            |   282 |   173 ||   455
 Cast: Tukima's Dance    |       |     4 ||     4
 Stab: Sleeping          |    13 |     3 ||    16
       Distracted        |       |     2 ||     2
  Eat: Bread ration      |       |     1 ||     1
       Pizza             |       |     1 ||     1
Armor: Robe              |    28 |     6 ||    34
Dodge: Dodged            |   203 |   109 ||   312
